 Dungeon Crawl Stone Soup version 0.30.0 (webtiles) character file.

Game seed: 12529416373647559251

4638 AlmostAGhost the Covered (level 10, -14/74 HPs)
             Began as a Demonspawn Gladiator on May 6, 2023.
             Was a Follower of Makhleb.
             Demolished by a manticore (21 damage)
             ... on level 9 of the Dungeon.
             The game lasted 00:47:13 (8807 turns).

AlmostAGhost the Covered (Demonspawn Gladiator)     Turns: 8807, Time: 00:47:14

Health: -14/74     AC: 10    Str: 18    XL:     10   Next: 20%
Magic:  10/10      EV: 14    Int: 10    God:    Makhleb [*.....]
Gold:   606        SH:  0    Dex: 15    Spells: 9/9 levels left

rFire   . . .        y - +1 short sword (vamp)
rCold   . . .        (no shield)
rNeg    . . .        S - +0 scale mail
rPois   +            c - +0 helmet
rElec   .            i - +0 cloak
rCorr   .            (gloves unavailable)
SInv    +            (no boots)
Will    .....        (no amulet)
Stlth   +            u - ring of poison resistance
HPRegen 0.32/turn    F - ring of see invisible
MPRegen 0.12/turn

%: no passive effects
@: mighty, about to teleport, spiked, flying, invisible
A: repulsion field 1, powered by pain 2, spiny 1, demonic touch 3
a: Renounce Religion


You were on level 9 of the Dungeon.
You worshipped Makhleb.
Makhleb was aware of your devotion.
You visited 2 branches of the dungeon, and saw 10 of its levels.
You also visited: Sewer.

You collected 652 gold pieces.
You spent 46 gold pieces at shops.

Inventory:

Hand Weapons
 a - a +0 long sword
 b - a +1 battleaxe of freezing
 g - a +2 mace
 l - a +3 war axe
 o - the +0 sling "Iweterph" {heavy, rElec rCorr}
   (You found it on level 2 of the Dungeon)

   rElec:     It insulates you from electricity.
   rCorr:     It protects you from acid and corrosion.
 y - a +1 vampiric short sword (weapon)
 H - a +3 longbow of flaming
 I - a +3 flail
 R - a +2 spear of venom
 V - a +2 morningstar of protection
 Z - a -1 demon whip of venom
Missiles
 d - 3 throwing nets (quivered)
 e - a javelin
 p - 24 poisoned darts
 E - 49 stones
Armour
 c - a +0 helmet (worn)
 i - a +0 cloak (worn)
 q - a +0 buckler of protection
 t - a +2 robe of positive energy
 S - a +0 scale mail (worn)
Jewellery
 u - a ring of poison resistance (left hand)
 F - a ring of see invisible (right hand)
 P - a ring of magical power
Wands
 B - a wand of iceblast (18)
 C - a wand of paralysis (7)
 G - a wand of flame (24)
 O - a wand of acid (6)
 Y - a wand of polymorph (11)
Scrolls
 k - 4 scrolls of vulnerability
 m - 4 scrolls of teleportation
 n - a scroll of poison {unknown}
 s - 2 scrolls of noise {unknown}
 D - 3 scrolls of amnesia {unknown}
 K - 3 scrolls of fear
 L - 2 scrolls of enchant armour {unknown}
 M - a scroll of magic mapping {unknown}
 Q - a scroll of fog {unknown}
 T - a scroll of acquirement {unknown}
 U - a scroll of blinking {unknown}
Potions
 h - a potion of flight
 v - a potion of degeneration
 w - 2 potions of attraction
 x - 2 potions of magic
 z - a potion of ambrosia {unknown}
 A - a potion of haste {unknown}
 X - a potion of mutation {unknown}


   Skills:
 + Level 5.4 Fighting
 + Level 5.9(7.0) Short Blades
 + Level 5.7(6.9) Long Blades
 + Level 1.9 Throwing
 + Level 7.8 Armour
 + Level 6.4 Dodging
 + Level 2.2 Stealth


You had 9 spell levels left.
You didn't know any spells.
Your spell library contained the following spells:

 Spells                   Type           Power      Damage    Failure   Level
 Magic Dart               Conj           0%         1d3       71%         1
 Call Imp                 Summ           0%         N/A       83%         2
 Gell's Gravitas          Tloc           0%         N/A       97%         3
 Mephitic Cloud           Conj/Pois/Air  0%         N/A       97%         3
 Teleport Other           Tloc           0%         N/A       97%         3
 Anguish                  Hex/Necr       0%         N/A       100%        4
 Dispersal                Tloc           0%         N/A       100%        6
 Enfeeble                 Hex            0%         N/A       100%        7


Dungeon Overview and Level Annotations

Branches:
Dungeon (9/15)             Temple (1/1) D:6           Sewer (visited)
   Lair: D:8-11         Orc: D:9-12

Altars:
Ashenzari
Fedhas
Makhleb
Nemelex Xobeh
Qazlal
Sif Muna
Wu Jian
Yredelemnul

Shops:
D:4 *   D:5 ?


Innate Abilities, Weirdness & Mutations

You are surrounded by a mild repulsion field. (EV +2)
You sometimes gain power by taking damage.
You are partially covered in sharp spines.
Your touch may irresistibly damage your foes and sap their willpower.


Message History

The manticore flicks its tail.
The volley of spikes hits you.
The barbed spikes become lodged in your body.
* * * LOW HITPOINT WARNING * * *
You feel better.
Okay, then.
The manticore flicks its tail.
The volley of spikes misses you.
The manticore flicks its tail.
The volley of spikes hits you!!
The barbed spikes become lodged in your body.
* * * LOW HITPOINT WARNING * * *
You feel better.
The manticore flicks its tail.
The volley of spikes hits you.
The barbed spikes become lodged in your body.
* * * LOW HITPOINT WARNING * * *
You feel better.
The manticore flicks its tail.
The volley of spikes hits you!
The barbed spikes become lodged in your body.
* * * LOW HITPOINT WARNING * * *
You feel better.
The manticore flicks its tail.
The volley of spikes hits you!
The barbed spikes become lodged in your body.
* * * LOW HITPOINT WARNING * * *
You feel very buoyant.
You fly up into the air.
The manticore flicks its tail.
The volley of spikes misses you.
The barbed spikes dig painfully into your body as you move.
* * * LOW HITPOINT WARNING * * *
It was a potion of invisibility.
You fade into invisibility!
It was a potion of might.
You feel very mighty all of a sudden.
As you read the scroll of teleportation, it crumbles to dust.
You feel strangely unstable. The manticore bites you!!
You die...

.#############
.........H...#
.......#####H#
#.......####@#
.............#
#.......####.#
....... #.#
###...#
##.##########
##..#
##.#....†....#
#..#
#.###.######.#
#..# #..#.##
#..# #.#.##


You could see a manticore (unable to see you).

Vanquished Creatures
  Amaemon (D:8)
  An orange demon (D:8)
  A steam dragon (D:6)
  3 water moccasins
  An orc warrior (D:7)
  A black bear (D:7)
  2 ice beasts (D:6)
  A sky beast (D:8)
  3 ogres
  2 centaurs
  2 kobold brigands
  5 bullfrogs
  A gnoll sergeant (D:7)
  8 wights
  10 killer bees
  5 hounds
  8 orc priests
  A gnoll bouda (D:5)
  Jessica (D:2)
  3 orc wizards
  2 iguanas
  9 gnolls
  6 adders
  2 shadow imps
  An ufetubus (D:4)
  A worm (D:6)
  A dart slug (D:1)
  22 orcs
  17 ball pythons
  2 bats
  7 endoplasms
  7 giant cockroaches
  10 goblins
  7 hobgoblins
  6 jackals
  16 quokkas
  7 frilled lizards
  14 kobolds
  8 rats
205 creatures vanquished.

Vanquished Creatures (others)
  Maurice (D:8)
  9 plants (D:5)
  A withered plant (D:1)
11 creatures vanquished.

Grand Total: 216 creatures vanquished

Notes
Turn   | Place    | Note
-------+----------+-------------------------------------------
     0 | D:1      | AlmostAGhost the Demonspawn Gladiator began the quest for
                  | the Orb.
     0 | D:1      | Reached XP level 1. HP: 16/16 MP: 1/1
   117 | D:1      | Gained mutation: You sometimes gain a little power by
                  | taking damage. [demonic ancestry]
   117 | D:1      | Reached XP level 2. HP: 22/22 MP: 2/2
   328 | D:1      | Found a faded altar of an unknown god.
   603 | D:1      | Gained mutation: You are surrounded by a mild repulsion
                  | field. (EV +2) [demonic ancestry]
   603 | D:1      | Reached XP level 3. HP: 27/27 MP: 3/3
  1144 | D:2      | Identified the +0 sling "Iweterph" {heavy, rElec rCorr}
  1578 | D:2      | Noticed Jessica
  1593 | D:2      | Killed Jessica
  1594 | D:2      | Reached skill level 1 in Armour
  1594 | D:2      | Reached XP level 4. HP: 4/33 MP: 4/4
  2415 | D:3      | Gained mutation: Your touch may inflict minor irresistible
                  | damage on your foes. [demonic ancestry]
  2415 | D:3      | Reached XP level 5. HP: 39/39 MP: 5/5
  2451 | D:3      | Found a shimmering blue altar of Sif Muna.
  2700 | D:4      | Reached skill level 2 in Armour
  2832 | D:4      | Found a basalt altar of Yredelemnul.
  2981 | D:4      | Noticed an ogre
  2991 | D:4      | Killed an ogre
  2992 | D:4      | Gained mutation: You are partially covered in sharp spines.
                  | [demonic ancestry]
  2992 | D:4      | Reached XP level 6. HP: 47/47 MP: 6/6
  3029 | D:4      | Found Dunuhairur's General Store.
  3037 | D:4      | Bought a scroll of identify for 26 gold pieces
  3049 | D:4      | Reached skill level 5 in Long Blades
  3250 | D:4      | Reached skill level 3 in Armour
  3385 | D:5      | Entered Level 5 of the Dungeon
  3456 | D:5      | Gained mutation: You sometimes gain power by taking damage.
                  | [demonic ancestry]
  3456 | D:5      | Reached XP level 7. HP: 51/52 MP: 7/7
  3462 | D:5      | Reached skill level 1 in Short Blades
  3668 | D:5      | Found Fyciluf's Magic Scroll Shop.
  3672 | D:5      | Bought a scroll of identify for 20 gold pieces
  4608 | D:6      | Reached skill level 4 in Armour
  4608 | D:6      | Reached skill level 1 in Stealth
  4677 | D:6      | Gained mutation: Your touch may inflict irresistible damage
                  | on your foes. [demonic ancestry]
  4677 | D:6      | Reached XP level 8. HP: 55/60 MP: 8/8
  4693 | D:6      | Found a staircase to the Ecumenical Temple.
  4718 | Temple   | Entered the Ecumenical Temple
  4904 | D:6      | Found a stormy altar of Qazlal.
  4957 | D:6      | Found a glowing drain.
  4978 | Sewer    | Entered a sewer
  5638 | D:6      | Reached skill level 5 in Armour
  5638 | D:6      | Reached skill level 5 in Dodging
  6484 | D:7      | Gained mutation: Your touch may irresistibly damage your
                  | foes and sap their willpower. [demonic ancestry]
  6484 | D:7      | Reached XP level 9. HP: 66/66 MP: 9/9
  6784 | D:7      | Found a burning altar of Makhleb.
  6790 | D:7      | Became a worshipper of Makhleb the Destroyer
  6801 | D:7      | Found a blossoming altar of Fedhas.
  7274 | D:8      | Found an ornate altar of the Wu Jian Council.
  7281 | D:8      | Found a sparkling altar of Nemelex Xobeh.
  7370 | D:8      | Noticed Maurice
  7371 | D:8      | Found a broken altar of Ashenzari.
  7380 | D:8      | Killed Maurice
  7526 | D:8      | Noticed an orange demon
  7538 | D:8      | Killed an orange demon
  7539 | D:8      | Reached skill level 6 in Armour
  7542 | D:8      | Noticed Amaemon
  7559 | D:8      | Killed Amaemon
  7560 | D:8      | Reached skill level 5 in Fighting
  7560 | D:8      | Reached skill level 5 in Short Blades
  7560 | D:8      | Reached skill level 7 in Armour
  7601 | D:8      | Found a flagged portal.
  7869 | D:8      | Reached XP level 10. HP: 50/74 MP: 10/10
  8025 | D:8      | Reached * piety under Makhleb
  8787 | D:9      | Noticed a manticore
  8807 | D:9      | Demolished by a manticore

Illustrated notes

Levels and vault maps discovered:
D:1:      giann_horns, layout_basic, ebering_ecumenical_altar_petrified
D:2:      layout_basic, basic_altar, uniq_jessica
D:3:      layout_basic, kennysheep_orc_sif_temple, minmay_fountain_box,
          kennysheep_generic_room_8
D:4:      layout_basic, lemuel_round_altar, serial_shops,
          nicolae_shop_rolling_square
D:5:      wad_lake_hut, layout_gridville, old_standard_altar, serial_shops,
          kennysheep_mini_moat
D:6:      layout_basic, mainiacjoe_overflow_concentric_impassable,
          minmay_temple_entry_trees, portal_sewer_entry_a
D:7:      layout_basic, mainiacjoe_overflow_swirl
D:8:      layout_loops_corners, mainiacjoe_overflow_chevrons,
          amethyst_overflow_temple_binary, enter_bailey_5, uniq_maurice,
          uniq_amaemon
D:9:      layout_loops_ring, uniq_maggie
Temple:   nicolae_temple_godzebo

Skill      XL: |  1  2  3  4  5  6  7  8  9 |
---------------+----------------------------+-----
Dodging        | 3 4 5 6 |  6.4
Long Blades    | 3 4 5 |  5.7
Armour         | 1 2 3 4 5 7 |  7.8
Fighting       | 3 4 5 |  5.4
Short Blades   | 1 4 5 |  5.9
Stealth        | 1 2 |  2.2
Throwing       | |  1.9

Action                     |  1- 3 |  4- 6 |  7- 9 | 10-12 || total
---------------------------+-------+-------+-------+-------++-------
  Melee: Long sword        |   125 |    93 |       |       ||   218
         Punch             |       |     2 |    10 |       ||    12
         Short sword       |       |    44 |   370 |    44 ||   458
         Touch             |       |    18 |    67 |    13 ||    98
    Use: Scroll            |     3 |     1 |     4 |     1 ||     9
         Potion            |       |       |       |    10 ||    10
 Armour: Leather armour    |    45 |       |       |       ||    45
         Ring mail         |     7 |    53 |    49 |       ||   109
         Scale mail        |       |       |    41 |    17 ||    58
  Dodge: Dodged            |   117 |   125 |   211 |    44 ||   497
